 Dungeon Crawl Stone Soup version 0.29-a0-994-gc5c9f59d18 (webtiles) character file.

Game seed: 17272280298040744724

25 Sobieck the Chopper (level 2, -2/25 HPs)
             Began as a Palentonga Abyssal Knight on Aug 4, 2022.
             Was a Believer of Lugonu.
             Succumbed to an adder's poison
             ... on level 2 of the Dungeon.
             The game lasted 00:01:35 (1446 turns).

Sobieck the Chopper (Palentonga Abyssal Knight)     Turns: 1446, Time: 00:01:36

Health: -2/25      AC:  4    Str: 18    XL:     2   Next: 82%
Magic:  3/3        EV:  9    Int: 10    God:    Lugonu [**....]
Gold:   29         SH:  0    Dex: 10    Spells: 1/1 levels left

rFire   . . .      SeeInvis +   a - +1 hand axe {axe}
rCold   . . .      Faith    .   (no shield)
rNeg    . . .      Spirit   .   b - +0 leather armour
rPois   .          Reflect  .   (no helmet)
rElec   .          Harm     .   (no cloak)
rCorr   .          Rampage  .   (no gloves)
Will    .....                   (no barding)
Stlth   +.........              (no amulet)
HPRegen 0.08/turn               (no ring)
MPRegen 0.08/turn               (no ring)

@: lethally poisoned (-2 -> -11)
A: large, rugged brown scales 3, see invisible, deformed body, roll 1, armoured
tail
a: Rolling Charge, Renounce Religion, Depart the Abyss, Bend Space


You were on level 2 of the Dungeon.
You worshipped Lugonu.
Lugonu was pleased with you.
You visited 1 branch of the dungeon, and saw 2 of its levels.
You visited the Abyss 1 time.

You collected 29 gold pieces.


Innate Abilities, Weirdness & Mutations

You are completely covered in rugged brown scales. (AC +3, +7% HP)
You have supernaturally acute eyesight. (SInv)
Armour fits poorly on your strangely shaped body.
You can roll at nearby foes to attack.
You have a long armoured tail.


   Skills:
 - Level 3.0 Fighting
 + Level 3.4 Axes
 - Level 1.5 Armour
 - Level 0.7 Dodging
 - Level 2.0 Invocations


You had one spell level left.
You didn't know any spells.
Your spell library was empty.

Inventory:

Hand Weapons
 a - a +1 hand axe (weapon) {axe}
Missiles
 c - 11 stones {throwing}
Armour
 b - a +0 leather armour (worn)
 h - a +0 ring mail
   (You found it on level 1 of the Dungeon)
 l - a +0 robe
   (You found it on level 1 of the Dungeon)
Scrolls
 f - 2 scrolls of identify {unknown}
 g - a scroll of enchant weapon {unknown}
 j - a scroll of fog {unknown}
 m - a scroll of teleportation {unknown}
Potions
 d - 2 potions of curing {unknown}
 e - 2 potions of flight {unknown}
 i - a potion of heal wounds {unknown}
 k - a potion of cancellation {unknown}

Dungeon Overview and Level Annotations

Branches:
Dungeon (2/15) Zot: 10546

Altars:

##..... #....#
##...# #....#
#....# ######.#
##.#.# #..<.#.#
#.#.# #.#..#.#
#.#.# #.####.#
#@#.#.#####......#
#S#.#.............
#.#.#.............
#.#.#.............
(.#.#.............
###.#.............
#.#.............
#.#.............
#.#.#######.###.


You could see an adder.


Message History

There is an open door here.
You open the door.
There is an open door here.
There is a stone staircase leading down here.
You climb downwards.
There is a stone staircase leading up here.
Unknown command.
Unknown command.
A rat comes into view.
Danger!
You roll forward with a clatter of scales!
A jackal comes into view.
You hit the rat.
You kill the rat!
Lugonu accepts your kill.
Unknown command.
There's nothing you can charge at!
Unknown command.
There's nothing you can charge at!
A jackal comes into view.
The jackal barks!
You roll forward with a clatter of scales!
You closely miss the jackal.
The jackal bites you but does no damage.
A jackal comes into view.
The jackal closely misses you.
The jackal moves out of view.
You hit the jackal.
You kill the jackal!
Lugonu accepts your kill.
You hit the jackal.
Your tail-slap misses the jackal.
The jackal barely misses you. x2
You barely miss the jackal. The jackal closely misses you.
A jackal comes into view.
The jackal bites you but does no damage.
You hit the jackal.
You kill the jackal!
Lugonu accepts your kill.
You see here a jackal corpse.
You closely miss the jackal.
The jackal bites you but does no damage.
The jackal closely misses you.
You hit the jackal. The jackal bites you.
You hit the jackal. The jackal closely misses you. The jackal bites you.
You hit the jackal but do no damage. The jackal closely misses you.
You slash the jackal!
You kill the jackal!
Lugonu accepts your kill.
You roll forward with a clatter of scales!
You closely miss the jackal.
The jackal bites you but does no damage.
The jackal bites you.
You completely miss the jackal.
Your tail-slap misses the jackal.
The jackal bites you.
You are too injured to fight recklessly!
You are too injured to fight recklessly!
You are too injured to fight recklessly!
You barely miss the jackal. You tail-slap the jackal.
You kill the jackal!
Lugonu accepts your kill.
You start resting.
Unknown command.
You now have 29 gold pieces (gained 7).
f - 2 scrolls labelled LIUFINU NIUGH (gained 1)
m - a scroll labelled GISERH AFAKH An adder comes into view.
The adder hisses angrily.
Danger!
There's nothing you can charge at!
You roll forward with a clatter of scales!
You barely miss the adder.
Your tail-slap misses the adder.
The adder bites you.
Unknown command.
You miss the adder. The adder bites you.
The adder bites you but does no damage.
You hit the adder.
Your tail-slap misses the adder.
The adder bites you.
You are poisoned.
The adder poisons you!
You miss the adder.
You feel sick. The adder closely misses you. The adder bites you.
You hit the adder.
You feel sick. The adder bites you but does no damage.
You miss the adder.
Your tail-slap misses the adder.
You feel sick. The adder bites you.
* * * LOW HITPOINT WARNING * * *
You are more poisoned.
The adder poisons you! The adder bites you but does no damage.
You hit the adder but do no damage.
You feel sick. The adder bites you.
* * * LOW HITPOINT WARNING * * *
Unknown command.
You miss the adder.
* * * LOW HITPOINT WARNING * * *
You feel sick. The adder bites you.
* * * LOW HITPOINT WARNING * * *
You are more poisoned.
The adder poisons you! The adder bites you but does no damage.
You completely miss the adder.
* * * LOW HITPOINT WARNING * * *
You feel sick. The adder barely misses you.
Unknown command.
You hit the adder.
You die...

Skill      XL: |  1  2 |
---------------+-------+-----
Axes           | 3 |  3.4
Fighting       | |  3.0
Armour         | |  1.5
Dodging        | |  0.7
Invocations    | |  2.0

Action                   || total
-------------------------++-------
Melee: Hand axe          ||    62
       Tailslap          ||     4
 Abil: Rolling Charge    ||    14
Armor: Leather armour    ||    23
Dodge: Dodged            ||    26

Levels and vault maps discovered:
D:1:      evilmike_arrival_come_back, layout_loops_corners,
          dilly_ecumenical_altar_fadedgnrine, skrybe_limestone_x,
          serial_park_tiny_pond
D:2:      layout_basic, serial_shops, nicolae_shop_trees, nrook_mini_backslash,
          moated_statue, uniq_natasha

Notes
Turn   | Place    | Note
-------+----------+-------------------------------------------
     0 | Abyss:1  | Sobieck the Palentonga Abyssal Knight began the quest for
                  | the Orb.
     0 | Abyss:1  | Reached XP level 1. HP: 19/19 MP: 2/2
     1 | D:1      | You pass through the gate.
     1 | D:1      | Escaped the Abyss
   350 | D:1      | Reached XP level 2. HP: 25/25 MP: 3/3
   578 | D:1      | Reached skill level 3 in Axes
   934 | D:1      | Found a faded altar of an unknown god.
  1444 | D:2      | HP: 6/25 [poisoned by an adder]
  1445 | D:2      | HP: 1/25 [poisoned by an adder]
  1446 | D:2      | Succumbed to an adder's poison

Vanquished Creatures
  A dart slug (D:1)
  An endoplasm (D:1)
  A giant cockroach (D:1)
  3 goblins (D:1)
  4 jackals (D:2)
  4 kobolds (D:1)
  A ball python (D:1)
  2 bats (D:1)
  A frilled lizard (D:1)
  3 rats
21 creatures vanquished.

Table legend:
 A = Non-vault XP
 B = Vault XP
 C = Vault XP percentage of total XP
 D = Non-vault monster count
 E = Vault monster count
 F = Vault count percentage of total count
                 A         B        C        D         E       F
            +---------+---------+-------+---------+---------+-------
      Total |      36 |       0 |   0.0 |      21 |       0 |   0.0
            +---------+---------+-------+---------+---------+-------
        D:1 |      27 |       0 |   0.0 |      16 |       0 |   0.0
        D:2 |       9 |       0 |   0.0 |       5 |       0 |   0.0
            +---------+---------+-------+---------+---------+-------

Illustrated notes

Table legend:
 A = Kills in this place as a percentage of kills in entire the game.
 B = Kills by you in this place as a percentage of kills by you in the entire game.
 C = Kills by friends in this place as a percentage of kills by friends in the entire game.
 D = Other kills in this place as a percentage of other kills in the entire game.
 E = Experience gained in this place as a percentage of experience gained in the entire game.
 F = Experience gained in this place divided by the number of levels of this place that you have seen.
                   A       B       C       D       E      F
               +-------+-------+-------+-------+-------+----------------------
         Total | 100.0 | 100.0 |   N/A |   N/A | 100.0 |  12.0
       Dungeon | 100.0 | 100.0 |   N/A |   N/A | 100.0 |  18.0
               +-------+-------+-------+-------+-------+----------------------

Table legend: (Time is in decaauts)
 A = Elapsed time spent in this place.
 B = Non-inter-level travel time spent in this place.
 C = Inter-level travel time spent in this place.
 D = Time resting spent in this place.
 E = Time spent auto-exploring this place.
 F = Levels seen in this place.
 G = Mean time per level.
                   A        B        C        D        E       F      G
               +--------+--------+--------+--------+--------+-----+--------+
         Total |   1455 |   1412 |     43 |    150 |   1134 |   3 |  485.0 |
       Dungeon |   1454 |   1411 |     43 |    150 |   1134 |   2 |  727.0 |
         Abyss |      1 |      1 |      0 |      0 |      0 |   1 |    1.0 |
               +--------+--------+--------+--------+--------+-----+--------+

Top non-repeatable levels by time:
     D:1: 1288 daAuts
     D:2: 165 daAuts
 Abyss:1: 1 daAuts
